 Dungeon Crawl Stone Soup version 0.26.1-10-gdfb7c7de75 (webtiles) character file.

Game seed: 6746439054455202525

2636 MajorAdolf the Covert (level 9, -11/80 (85) HPs)
             Began as a Naga Wanderer on Apr 5, 2021.
             Was an Initiate of Gozag.
             Mangled by an orc warrior
             ... wielding a +0 mace
              (23 damage)
             ... on level 8 of the Dungeon.
             The game lasted 00:22:25 (12160 turns).

MajorAdolf the Covert (Naga Wanderer)              Turns: 12160, Time: 00:22:26

HP:   -11/80 (85)   AC:  8    Str: 13    XL:     9   Next: 61%
MP:   15/15         EV:  9    Int: 14    God:    Gozag
Gold: 218           SH:  0    Dex: 14    Spells: 16/16 levels left

rFire    . . .     SeeInvis +   t - +3 scythe (flame)
rCold    + + .     Faith    .   (shield currently unavailable)
rNeg     . . .     Spirit   .   u - +2 robe {rC+}
rPois    +         Reflect  .   F - +0 helmet
rElec    .         Harm     .   b - +0 cloak
rCorr    .         Rampage  .   (no gloves)
Will     +....                  (no barding)
Stlth    ++++++....             (no amulet)
HPRegen  0.23/turn              k - ring of stealth
MPRegen  0.14/turn              g - ring of protection from cold

@: short of breath, gold aura, drained, very slow
A: large, see invisible, deformed body, poison resistance, slowness 2, spit
poison 1, AC +3
a: Spit Poison, Renounce Religion, Potion Petition, Call Merchant, Bribe Branch


You were on level 8 of the Dungeon.
You worshipped Gozag.
Gozag was aware of your devotion.
You visited 2 branches of the dungeon, and saw 9 of its levels.

You collected 446 gold pieces.
You spent 92 gold pieces at shops.
You paid 136 gold pieces to Gozag.

Inventory:

Hand Weapons
 t - a +3 scythe of flaming (weapon)
 w - a cursed +2 war axe
Missiles
 c - 43 poisoned darts (quivered)
Armour
 b - a +0 cloak (worn)
 j - a +0 kite shield
 u - a +2 robe of cold resistance (worn)
 F - a +0 helmet (worn)
 N - a +0 buckler
Magical Staves
 B - an uncursed staff of earth
Jewellery
 d - an uncursed ring of fire
 g - a ring of protection from cold (right hand)
 k - a ring of stealth (left hand)
 l - an uncursed ring of fire
 K - an uncursed ring of resist corrosion
Wands
 o - a wand of acid (5)
 G - a wand of random effects (18)
 L - a wand of flame (13)
Scrolls
 e - 2 scrolls of amnesia
 n - 2 scrolls of magic mapping {unknown}
 r - 2 scrolls of remove curse
 x - 4 scrolls of teleportation
 C - 2 scrolls of enchant weapon
 D - 2 scrolls of noise
 M - a scroll of identify
 O - a scroll of fear {unknown}
Potions
 a - 2 potions of berserk rage
 h - a potion of haste {unknown}
 m - 3 potions of curing
 p - a potion of might {unknown}
 q - 2 potions of flight
 v - 2 potions of resistance
 z - a potion of magic {unknown}
 A - 3 potions of heal wounds {unknown}
 E - a potion of invisibility
 H - a potion of brilliance {unknown}
 J - 2 potions of attraction {unknown}


   Skills:
 + Level 6.8 Fighting
 * Level 2.9 Axes
 - Level 1.0 Throwing
 + Level 10.6 Stealth
 + Level 2.6 Shields
 - Level 4.0 Spellcasting
 - Level 1.0 Hexes
 - Level 4.0 Poison Magic
 + Level 6.5 Evocations


You had 16 spell levels left.
You didn't know any spells.
Your spell library contained the following spells:

 Spells                   Type           Power        Failure   Level
 Corona                   Hex            5%           13%         1
 Animate Skeleton         Necr           4%           19%         1
 Apportation              Tloc           4%           19%         1
 Foxfire                  Conj/Fire      8%           19%         1
 Magic Dart               Conj           8%           19%         1
 Summon Small Mammal      Summ           8%           19%         1
 Slow                     Hex            5%           19%         2
 Blink                    Tloc           N/A          28%         2
 Call Imp                 Summ           2%           28%         2
 Mephitic Cloud           Conj/Pois/Air  6%           32%         3
 Inner Flame              Hex/Fire       4%           43%         3
 Conjure Flame            Conj/Fire      2%           50%         3


Dungeon Overview and Level Annotations

Branches:
Dungeon (8/15)             Temple (1/1) D:7
   Lair: D:8-11

Altars:
Ashenzari
Cheibriados
Dithmenos
Elyvilon
Fedhas
Gozag
Hepliaklqana
Kikubaaqudgha
Makhleb
Nemelex Xobeh
Okawaru
Qazlal
Ru
Sif Muna
Trog
Vehumet
Wu Jian
Xom
Yredelemnul
Zin
The Shining One

Shops:
D:4 *   D:6 [   D:8 (

Annotations:
D:5 Dowan, Duvessa, Prince Ribbit
D:6 Grinder
D:7 3 runed translucent doors, Joseph; diana's ghost, novice DsGl


Innate Abilities, Weirdness & Mutations

You cannot wear boots.
Your serpentine skin is tough. (AC +3)
You have supernaturally acute eyesight. (SInv)
Armour fits poorly on your strangely shaped body.
Your system is resistant to poisons. (rPois)
You cover ground very slowly.
You can spit poison.


Message History

Unknown command.
Aiming: Throw Flame
Press: ? - help, Shift-Dir - straight line, f/p - orc warrior
Aim: an orc warrior, wielding a +0 mace and wearing a +0 plate armour (26% to evade)
The puff of flame hits the orc warrior.
The orc warrior is lightly wounded.
The orc warrior hits you with a +0 mace!
Aiming: Corrosive Bolt
Press: ? - help, Shift-Dir - straight line, f/p - orc warrior
Aim: an orc warrior, wielding a +0 mace and wearing a +0 plate armour (lightly wounded, 26% to evade)
The bolt of acid misses the orc warrior.
The orc warrior hits you with a +0 mace!
* * * LOW HITPOINT WARNING * * *
Aiming: Corrosive Bolt
Press: ? - help, Shift-Dir - straight line, f/p - orc warrior
Aim: an orc warrior, wielding a +0 mace and wearing a +0 plate armour (lightly wounded, 26% to evade)
The bolt of acid misses the orc warrior.
The orc warrior hits you with a +0 mace!!
You die...
Your body crumbles into a pile of gold.

.#
###.####...........#
## #....
#...........# #
#..... ##.$........#
#.....###..........#
..
#..................#
...
........(...........
....
#.........$$#######
.... #.....#####o#
.... ##..## #@# ....
#. #.# .... # #.#
.... #.# .... #.#
### #[# ..# ###


You could see an orc warrior.

Vanquished Creatures
  Sigmund (D:2)
  Menkaure (D:6)
  Edmund (D:5)
  A necrophage (D:8)
  A black bear (D:6)
  2 orc warriors
  6 phantoms
  An ogre (D:8)
  2 centaurs
  A bullfrog (D:8)
  A wyvern zombie (D:7)
  2 scorpions
  4 wights (D:6)
  2 howler monkeys (D:7)
  2 centaur zombies
  An orc priest (D:8)
  A hound (D:3)
  A bullfrog skeleton (D:8)
  3 worker ants (D:4)
  4 orc wizards
  13 gnolls
  10 adders
  2 white imps
  3 adder skeletons
  A worm (D:2)
  A dart slug (D:2)
  3 leopard geckos
  11 orcs
  9 bats
  4 giant cockroaches
  5 goblins
  9 hobgoblins
  4 quokkas
  2 frilled lizards
  A kobold (D:1)
  A leopard gecko skeleton (D:4)
  2 leopard gecko zombies
  7 rats
126 creatures vanquished.

Vanquished Creatures (others)
  7 plants (D:2)
7 creatures vanquished.

Grand Total: 133 creatures vanquished

Notes
Turn   | Place    | Note
-------+----------+-------------------------------------------
     0 | D:1      | MajorAdolf the Naga Wanderer began the quest for the Orb.
     0 | D:1      | MajorAdolf set off with the following items: a +0 dagger,
                  | 10 poisoned darts, a +0 robe; and the following spells
                  | available to memorise: Foxfire, Magic Dart, Slow, Blink,
                  | Call Imp, Mephitic Cloud, Inner Flame, Conjure Flame
     0 | D:1      | Reached XP level 1. HP: 15/15 MP: 5/5
   496 | D:1      | Reached skill level 1 in Fighting
   819 | D:1      | Reached skill level 2 in Stealth
   819 | D:1      | Reached XP level 2. HP: 25/25 MP: 7/7
  1829 | D:2      | Reached skill level 3 in Stealth
  1829 | D:2      | Reached XP level 3. HP: 27/32 MP: 8/8
  1971 | D:2      | Reached skill level 1 in Evocations
  2087 | D:2      | Found an iron altar of Okawaru.
  2318 | D:2      | Reached XP level 4. HP: 20/39 MP: 10/10
  2474 | D:2      | Noticed Sigmund
  2487 | D:2      | Killed Sigmund
  2488 | D:2      | Reached skill level 5 in Stealth
  2488 | D:2      | Reached XP level 5. HP: 21/49 MP: 11/11
  2488 | D:2      | Reached XP level 6. HP: 24/56 MP: 12/12
  3073 | D:3      | Found a shimmering altar of Xom.
  3500 | D:3      | Noticed a phantom
  3557 | D:3      | Killed a phantom
  3558 | D:3      | Reached skill level 6 in Stealth
  3974 | D:3      | Found a burning altar of Makhleb.
  4386 | D:4      | Noticed a phantom
  4429 | D:4      | Killed a phantom
  4430 | D:4      | Reached XP level 7. HP: 15/64 MP: 13/13
  4844 | D:4      | Reached skill level 7 in Stealth
  5072 | D:4      | Found a glowing golden altar of the Shining One.
  5549 | D:4      | Found an ancient bone altar of Kikubaaqudgha.
  6253 | D:4      | Reached skill level 5 in Fighting
  6253 | D:4      | Reached skill level 8 in Stealth
  6253 | D:4      | Reached XP level 8. HP: 67/74 MP: 14/14
  6616 | D:4      | Found Weut's Assorted Antiques.
  6620 | D:4      | Bought a lead wand for 92 gold pieces
  6867 | D:5      | Entered Level 5 of the Dungeon
  6870 | D:5      | Found a basalt altar of Yredelemnul.
  6964 | D:5      | Noticed Prince Ribbit
  7000 | D:5      | Noticed Duvessa
  7008 | D:5      | Noticed Dowan
  7061 | D:5      | Found a shadowy altar of Dithmenos.
  7075 | D:5      | Reached skill level 5 in Evocations
  7417 | D:5      | Noticed Edmund
  7437 | D:5      | Killed Edmund
  7438 | D:5      | Reached skill level 9 in Stealth
  7634 | D:6      | Noticed Menkaure
  7734 | D:6      | Killed Menkaure
  8134 | D:6      | Found a blossoming altar of Fedhas.
  8686 | D:6      | Noticed Grinder
  8728 | D:6      | Found Faczuk's Antique Armour Shoppe.
  8738 | D:6      | Reached skill level 1 in Shields
  8749 | D:6      | Reached XP level 9. HP: 25/82 MP: 15/15
  9259 | D:6      | Reached skill level 10 in Stealth
  9732 | D:7      | Found a radiant altar of Vehumet.
  9741 | D:7      | Identified the +9 ring mail of Ceajan {rF++}
  9968 | D:7      | Reached skill level 1 in Axes
 10467 | D:7      | Found a runed translucent gate.
 10467 | D:7      | Found a runed translucent gate.
 10467 | D:7      | Found a runed translucent gate.
 10727 | D:7      | Noticed Joseph
 10908 | D:7      | Found a staircase to the Ecumenical Temple.
 10929 | D:7      | Noticed diana's ghost (novice DsGl)
 11087 | Temple   | Entered the Ecumenical Temple
 11174 | Temple   | Became a worshipper of Gozag Ym Sagoz the Greedy
 11324 | D:8      | Found Maivell's Antique Weapon Shop.
 11922 | D:8      | Found a stormy altar of Qazlal.
 12160 | D:8      | Mangled by an orc warrior

Illustrated notes

Levels and vault maps discovered:
D:1:      co_arrival_hexagon_in_a_hexagon, layout_basic,
          minmay_worlds_worst_comb
D:2:      layout_rooms, general_overflow_altar, serial_forest,
          infiniplex_forest_lined_room_3, infiniplex_forest_clump_small,
          infiniplex_forest_clump_curved, infiniplex_forest_pool,
          infiniplex_forest_end_3, infiniplex_forest_straight_4,
          infiniplex_forest_clump_diagonal, uniq_sigmund
D:3:      layout_rooms, makhleb_heckhound_becter, lemuel_round_altar, hex_large,
          lemuel_another_geyser
D:4:      layout_basic, kiku_gazebo_pond_becter, kennysheep_mini_moat,
          serial_shops, nicolae_shop_crystal
D:5:      layout_basic, grunt_dithmenos_smoke_and_mirrors, lemuel_round_altar,
          uniq_edmund, uniq_prince_ribbit1, uniq_duvessa
D:6:      cheibrodos_quashed, layout_basic, nicolae_overflow_hidden_temple,
          serial_shops, shop, uniq_grinder, uniq_menkaure
D:7:      layout_basic, vehumet_altar_wand_db, minmay_temple_entry_wispy,
          gammafunk_ghost_icy, uniq_joseph
D:8:      layout_basic, lemuel_round_altar, serial_shops, shop
Temple:   jpeg_temple_clearing

Skill      XL: |  1  2  3  4  5  6  7  8  9 |
---------------+----------------------------+-----
Fighting       | 1 2 3 4 5 6 |  6.8
Stealth        | 2 3 5 6 8 9 10 | 10.6
Evocations     | 1 2 3 4 5 6 |  6.5
Shields        | 1 2 |  2.6
Axes           | 2 |  2.9
Throwing       | |  1.0
Spellcasting   | |  4.0
Hexes          | |  1.0
Poison Magic   | |  4.0

Action                   |  1- 3 |  4- 6 |  7- 9 || total
-------------------------+-------+-------+-------++-------
Melee: Dagger            |    13 |     6 |       ||    19
       Scythe            |       |    77 |   247 ||   324
Throw: Dart              |    10 |     7 |    14 ||    31
 Abil: Spit Poison       |    36 |     7 |    19 ||    62
Evoke: Wand              |     3 |     4 |    12 ||    19
  Use: Scroll            |       |       |    12 ||    12
 Stab: Sleeping          |       |     4 |     8 ||    12
       Distracted        |       |       |     2 ||     2
Armor: Robe              |    13 |    45 |    78 ||   136
Dodge: Dodged            |    19 |    51 |   150 ||   220
